 Dungeon Crawl Stone Soup version 0.30-a0-743-gbfdf073431 (webtiles) character file.

Game seed: 15848516959268891125

132248 Jackthecabe the Fighter (level 17, -2/97 HPs)
             Began as a Vine Stalker Brigand on Feb 5, 2023.
             Was an Elder of Uskayaw.
             Shot with a bolt by Vashnia (12 damage)
             ... on level 2 of the Snake Pit.
             The game lasted 01:18:18 (27021 turns).

Jackthecabe the Fighter (Vine Stalker Brigand)     Turns: 27021, Time: 01:18:19

Health: -2/97      AC: 20    Str: 15    XL:     17   Next: 12%
Magic:  0/27       EV: 19    Int: 11    God:    Uskayaw [****..]
Gold:   2362       SH:  0    Dex: 23    Spells: 16/16 levels left

rFire   . . .      SeeInvis .    j - +2 dagger (speed)
rCold   + . .      Faith    .    (no shield)
rNeg    . . .      Spirit   +    v - +4 ring mail {rC+}
rPois   +          Reflect  .    t - +2 helmet
rElec   .          Harm     .    c - +0 cloak
rCorr   .          Rampage  .    (no gloves)
Will    +++..                    V - +2 pair of boots
Stlth   ++++                     m - amulet of regeneration
HPRegen 1.96/turn                P - ring of poison resistance
MPRegen 0.20/turn                W - ring of willpower

@: lethally poisoned (-2 -> -2), studying Throwing
A: fangs 3, regeneration 1, magic shield, antimagic bite, no potion heal 2
a: Renounce Religion, Stomp, Line Pass


You were on level 2 of the Snake Pit.
You worshipped Uskayaw.
Uskayaw was pleased with you.
You visited 5 branches of the dungeon, and saw 25 of its levels.
You also visited: Ossuary.

You collected 2742 gold pieces.
You spent 380 gold pieces at shops.


Innate Abilities, Weirdness & Mutations

You have razor-sharp teeth.
Your natural rate of healing is unusually fast.
When hurt, damage is shared between your health and your magic reserves.
Your bite disrupts and absorbs the magic of your enemies.
Potions cannot restore your health.


   Skills:
 - Level 14.0 Fighting
 - Level 10.0 Short Blades
 - Level 1.7 Throwing
 - Level 13.0 Armour
 + Level 11.5 Dodging
 - Level 10.0 Stealth
 - Level 12.0 Invocations
 - Level 4.0 Evocations


You had 16 spell levels left.
You didn't know any spells.
Your spell library contained the following spells:

 Spells                   Type           Power      Damage    Failure   Level
 Foxfire                  Conj/Fire      0%         2x1d4     50%         1
 Magic Dart               Conj           0%         1d3       50%         1
 Blink                    Tloc           0%         N/A       65%         2
 Ensorcelled Hibernation  Hex/Ice        0%         N/A       65%         2
 Passwall                 Tmut/Erth      0%         N/A       65%         2
 Searing Ray              Conj           0%         2d4       65%         2
 Swiftness                Air            0%         N/A       86%         3
 Airstrike                Air            0%         2d(0-16)  99%         4
 Anguish                  Hex/Necr       0%         N/A       99%         4
 Fulminant Prism          Conj/Hex       0%         3d5       99%         4
 Manifold Assault         Tloc           0%         N/A       99%         4
 Summon Lightning Spire   Summ/Air       0%         N/A       99%         4
 Fireball                 Conj/Fire      0%         3d3       100%        5
 Lightning Bolt           Conj/Air       0%         1d11      100%        5
 Starburst                Conj/Fire      0%         6d3       100%        6
 Enfeeble                 Hex            0%         N/A       100%        7
 Storm Form               Tmut/Air       0%         N/A       100%        7

Inventory:

Hand Weapons
 j - a +2 dagger of speed (weapon)
Missiles
 d - 65 poisoned darts (quivered)
 r - 5 curare-tipped darts {=f}
 z - a throwing net {=f}
Armour
 c - a +0 cloak (worn)
 t - a +2 helmet (worn)
 v - a +4 ring mail of cold resistance (worn)
 w - a +0 buckler
 V - a +2 pair of boots (worn)
 Y - a +0 troll leather armour
Jewellery
 m - an amulet of regeneration (around neck)
 C - a ring of ice
 M - a ring of magical power
 P - a ring of poison resistance (left hand)
 R - a ring of resist corrosion
 W - a ring of willpower (right hand)
Wands
 a - a wand of paralysis (17)
 e - a wand of polymorph (9)
 u - a wand of roots (21)
 K - a wand of digging (4)
 O - a wand of mindburst (9)
 T - a wand of light (12)
Scrolls
 h - 6 scrolls of enchant weapon
 o - 5 scrolls of poison
 p - 2 scrolls of silence {!r}
 x - 3 scrolls of fear
 F - 4 scrolls of blinking
 G - 4 scrolls of vulnerability
 H - a scroll of immolation
 I - 3 scrolls of fog
 J - 4 scrolls of enchant armour
 N - 5 scrolls of magic mapping
 S - 2 scrolls of brand weapon
 Z - 5 scrolls of teleportation {@r2}
Potions
 b - 3 potions of resistance
 f - 6 potions of lignification
 g - 11 potions of curing {@q1}
 i - 2 potions of haste {@q3}
 k - 5 potions of heal wounds {@q2}
 l - 2 potions of flight
 n - 5 potions of mutation
 q - 3 potions of ambrosia
 s - 7 potions of brilliance
 B - 2 potions of invisibility
 D - 6 potions of attraction
 E - 2 potions of might
 Q - 2 potions of cancellation
 U - 2 potions of magic
 X - a potion of berserk rage {!q}
Miscellaneous
 y - a box of beasts

Dungeon Overview and Level Annotations

Branches:
Dungeon (15/15)            Temple (1/1) D:5            Lair (5/5) D:11
 Shoals (0/4) Lair:2        Snake (2/4) Lair:3        Slime (0/5) Lair:5
    Orc (2/2) D:12            Elf (0/3) Orc:2        Vaults (0/5) D:13
 Depths (0/4) D:15        Ossuary (visited)

Altars:
Ashenzari
Cheibriados
Dithmenos
Elyvilon
Fedhas
Gozag
Hepliaklqana
Kikubaaqudgha
Makhleb
Nemelex Xobeh
Okawaru
Qazlal
Ru
Sif Muna
Trog
Uskayaw
Vehumet
Wu Jian
Xom
Yredelemnul
Zin
The Shining One
Jiyva

Shops:
D:2 ==   D:7 *   Orc:1 (   Orc:2 !![=

Portals:
Pandemonium: Orc:2

Annotations:
D:2 exclusion: 2 adders
D:6 3 runed translucent doors, ASSMAN's ghost, novice HOMo
D:9 1 runed translucent door, flotson's ghost, novice DsDe
D:11 Harold; Snorg
D:13 3 runed translucent doors, Buphadet's ghost, journeyman AtBe
D:14 2 transporters
Lair:5 1 runed translucent door
Snake:2 Donald; Vashnia

##.### #..#.# #.##.##
#.#.#.## ########
..##...# #).)!..######
...#.#.# #.#.@........
...#..### ##†##.N.......
..##....####..####†..P..~
..#......#...## ~~~~..~
......<....### ~~~~~~~
...........# ~~~N~~~
)..########## ~~~S~~N
..[))........ ~~~~≈≈~
....[)....... ~~≈≈≈≈≈


You could see Vashnia (magic disrupted), a naga sharpshooter (fleeing, pain
bonded) and an electric eel (fleeing).


Message History

a +0 halberd; Ozocubu's Autobiography; a salamander corpse You hit Vashnia but do no damage.
Your bite misses Vashnia.
You feel sick.
You miss Vashnia. You bite Vashnia!
Vashnia's magic leaks into the air.
You drain her magic.
You feel invigorated.
Vashnia is lightly wounded.
Vashnia spits poison at you.
The splash of poison hits you but does no damage.
You resist.
You hit Vashnia. You bite Vashnia!
Vashnia's magic leaks into the air.
You drain her magic.
Vashnia is lightly wounded.
You feel sick.
You hit Vashnia but do no damage. You bite Vashnia, but do no damage.
Vashnia is lightly wounded.
You closely miss Vashnia. Your bite misses Vashnia.
Vashnia is lightly wounded.
You feel sick.
Vashnia is no longer sharing her pain.
The naga sharpshooter is no longer paralysed.
Vashnia shoots a bolt.
The bolt hits you!!
* * * LOW HITPOINT WARNING * * *
Okay, then.
Press: ? - help, v - describe, . - travel
Here: Vashnia, wielding a +0 arbalest of freezing and wearing a +1 barding of flying (lightly wounded, magic disrupted)
The floor.
Unknown command.
As you read the scroll of fear, it crumbles to dust.
You assume a fearsome visage.
Vashnia resists with some effort.
The naga sharpshooter looks frightened!
The electric eel looks frightened!
You feel sick.
Vashnia shoots a bolt.
The bolt hits you!!
You die...

Skill      XL: |  1  2  3  4  5  6  7  8  9 10 11 12 13 14 15 16 |
---------------+-------------------------------------------------+-----
Short Blades   | 2 3 4 5 6 8 9 10 | 10.0
Fighting       | 2 6 8 9 10 12 14 | 14.0
Dodging        | 5 8 10 11 | 11.5
Invocations    | 5 6 9 10 12 | 12.0
Evocations     | 2 4 |  4.0
Armour         | 6 11 12 13 | 13.0
Stealth        | 10 | 10.0
Throwing       | |  1.7

Action                     |  1- 3 |  4- 6 |  7- 9 | 10-12 | 13-15 | 16-18 || total
---------------------------+-------+-------+-------+-------+-------+-------++-------
  Melee: Dagger            |   109 |   228 |   624 |  1039 |  2297 |   786 ||  5083
         Bite              |    25 |    80 |   219 |   437 |  1134 |   353 ||  2248
         Punch             |       |     5 |    16 |    13 |    41 |    13 ||    88
  Throw: Dart              |       |       |     9 |    11 |    27 |     1 ||    48
 Invoke: Grand Finale      |       |       |       |     2 |     4 |     1 ||     7
         Line Pass         |       |       |       |     1 |     9 |     4 ||    14
  Evoke: Wand              |       |       |       |       |     6 |       ||     6
    Use: Scroll            |       |       |     9 |    13 |     9 |     4 ||    35
   Stab: Sleeping          |    16 |    18 |    12 |     8 |    15 |    23 ||    92
         Distracted        |     1 |     1 |     2 |       |     2 |       ||     6
         Paralysed         |       |       |     3 |    45 |    92 |    36 ||   176
         Confused          |       |       |       |     1 |     7 |     4 ||    12
 Armour: Robe              |    15 |    20 |    34 |       |       |       ||    69
         Leather armour    |       |       |    54 |    28 |       |       ||    82
         Troll leather arm |       |       |       |   118 |   280 |    94 ||   492
         Ring mail         |       |       |       |       |       |    30 ||    30
  Dodge: Dodged            |    27 |    66 |   162 |   502 |   892 |   342 ||  1991

Levels and vault maps discovered:
D:1:      sevenhm_arrival_forest_fort_small_5, layout_basic
D:2:      kennysheep_six_static_rooms, layout_loops_corners, serial_shops,
          shop_statue, nicolae_shop_waterfront, serial_co_window_serial,
          co_window_paths_b, co_window_corner_a, co_window_corner_a,
          co_window_corner_a, co_window_corner_a, co_window_unsneaky_path_a,
          co_window_broadway_a, co_window_corner_ca, co_window_corner_b,
          glass_columns_b, glass_columns_b, minmay_tripent
D:3:      minmay_skewed_foursquare, layout_loops_ring, elyvilon_altar_4,
          nicolae_ru_sacrificial_ziggurat, ebering_ecumenical_altar_ruins
D:4:      minmay_razor_zed, layout_loops_cross,
          nicolae_qazlal_general_emergency, nicolae_goblin_pals
D:5:      layout_basic, minmay_temple_entry_waves, nicolae_ossuary_entry_giza,
          minmay_misc_feat_roman
D:6:      layout_loops_corners, nicolae_yredelemnul_ghost_church,
          nicolae_overflow_squiral, okawaru_altar_gauntlet_db,
          portal_sewer_entry_b, uniq_eustachio
D:7:      layout_basic, serial_bayou_ford_a, guppyfry_shop_venom, uniq_duvessa
D:8:      layout_basic, lemuel_round_altar, nicolae_elevator_lobby_asterisk,
          uniq_prince_ribbit1
D:9:      layout_small_grid, amcnicky_altar_gilded, ebering_ghost_xom
D:10:     layout_irregular_city, lemuel_crystal_altar
D:11:     layout_roguey, lair_entry_dummy, uniq_harold, uniq_snorg, uniq_lodul
D:12:     layout_cave_pods, minmay_orc_entry_guard_dogs, uniq_kirke
D:13:     layout_long_grid, david_vaults_4, gammafunk_ghost_spectres
D:14:     gammafunk_the_bubble [the_bubble_gammafunk_plus_minus],
          layout_small_grid, nrook_mini_backslash
D:15:     hangedman_depths_entry_try_elsewhere_first, layout_stronghold
Temple:   minmay_temple_forest_path
Lair:1:   layout_chaotic_city, infiniplex_staircase_pool_2, grunt_megastairs_5
Lair:2:   layout_roguey, elwin_shoals_entry_rooms, basic_altar
Lair:3:   layout_chaotic_city, minmay_snake_entry_guardpost_small,
          grunt_megastairs_4, lemuel_fruit_tree, uniq_gastronok
Lair:4:   layout_loops_ring, grunt_forest_large_clearing_hut
Lair:5:   evilmike_catoblepas_cave, layout_regular_city, slime_entry_2,
          serial_bayou_shore_b, grunt_megastairs_1, uniq_nessos
Snake:1:  layout_gridlike, basic_altar, nicolae_snake_omega,
          nicolae_integral_box
Snake:2:  layout_onion_interference, serial_shops,
          nicolae_shop_bloodbath_and_beyond, nicolae_snake_springs,
          serial_bayou_shore_a, uniq_vashnia, uniq_azrael, uniq_donald
Orc:1:    layout_caves, serial_shops, shop, uniq_sonja, uniq_jorgrun
Orc:2:    pf_orc_diabolical, layout_caves

Notes
Turn   | Place    | Note
-------+----------+-------------------------------------------
     0 | D:1      | Jackthecabe the Vine Stalker Brigand began the quest for
                  | the Orb.
     0 | D:1      | Reached XP level 1. HP: 11/11 MP: 2/2
   147 | D:1      | Reached skill level 2 in Short Blades
   334 | D:1      | Reached XP level 2. HP: 13/15 MP: 3/3
   951 | D:2      | Found Bycauheh's Jewellery Shoppe.
  1066 | D:2      | Reached skill level 3 in Short Blades
  1079 | D:2      | Reached XP level 3. HP: 18/18 MP: 4/4
  1584 | D:2      | Found Kykhass's Jewellery Emporium.
  2496 | D:3      | Found a faded altar of an unknown god.
  2548 | D:3      | Gained mutation: Your natural rate of healing is unusually
                  | fast. [Vine Stalker growth]
  2548 | D:3      | Reached XP level 4. HP: 23/23 MP: 5/5
  2691 | D:3      | Reached skill level 4 in Short Blades
  2838 | D:3      | Found a white marble altar of Elyvilon.
  2874 | D:3      | Found a sacrificial altar of Ru.
  3045 | D:3      | Reached XP level 5. HP: 24/26 MP: 6/6
  3292 | D:4      | Found a stormy altar of Qazlal.
  3313 | D:4      | Noticed Robin
  3322 | D:4      | Noticed Ijyb
  3350 | D:3      | Reached skill level 5 in Short Blades
  3596 | D:3      | Killed Ijyb
  3628 | D:4      | Killed Robin
  3820 | D:4      | Reached XP level 6. HP: 29/30 MP: 5/7
  3904 | D:4      | Reached skill level 6 in Short Blades
  4116 | D:4      | Reached XP level 7. HP: 34/34 MP: 8/8
  4328 | D:5      | Entered Level 5 of the Dungeon
  4431 | D:5      | Reached skill level 7 in Short Blades
  4660 | D:5      | Found a sand-covered staircase.
  4717 | Ossuary  | Entered an ossuary
  4756 | Ossuary  | Reached skill level 8 in Short Blades
  4780 | Ossuary  | Reached skill level 2 in Fighting
  4839 | Ossuary  | Gained mutation: You have razor-sharp teeth. [Vine Stalker
                  | growth]
  4839 | Ossuary  | Reached XP level 8. HP: 39/39 MP: 9/9
  5036 | D:5      | Reached skill level 3 in Fighting
  5097 | D:5      | Found a staircase to the Ecumenical Temple.
  5115 | Temple   | Entered the Ecumenical Temple
  5692 | D:5      | Reached skill level 4 in Fighting
  5953 | D:5      | Reached skill level 5 in Fighting
  6234 | D:6      | Found a runed translucent gate.
  6234 | D:6      | Found a runed translucent gate.
  6234 | D:6      | Found a runed translucent gate.
  6234 | D:6      | Noticed ASSMAN's ghost (novice HOMo)
  6236 | D:6      | Found a basalt altar of Yredelemnul.
  6365 | D:6      | Noticed Eustachio
  6405 | D:6      | Killed Eustachio
  6406 | D:6      | Reached skill level 6 in Fighting
  6585 | D:6      | Reached XP level 9. HP: 49/49 MP: 10/10
  6587 | D:6      | Reached skill level 7 in Fighting
  6809 | D:6      | Found an ancient bone altar of Kikubaaqudgha.
  6973 | D:6      | Found a hide-covered altar of Uskayaw.
  7038 | D:6      | Became a worshipper of Uskayaw the Reveller
  7103 | D:6      | Found an iron altar of Okawaru.
  7110 | D:6      | Reached * piety under Uskayaw
  7325 | D:7      | Reached ** piety under Uskayaw
  7337 | D:7      | Reached skill level 8 in Fighting
  7337 | D:7      | Reached skill level 1 in Dodging
  7596 | D:7      | Reached skill level 2 in Dodging
  7597 | D:7      | Reached *** piety under Uskayaw
  7614 | D:7      | Found Zeloepoe's Serpentskin Sales.
  7742 | D:7      | Reached skill level 3 in Dodging
  7984 | D:7      | Noticed a hornet
  7999 | D:7      | Killed a hornet
  8000 | D:7      | Reached skill level 4 in Dodging
  8301 | D:7      | Noticed Dowan
  8313 | D:7      | Noticed Duvessa
  8344 | D:7      | Killed Duvessa
  8345 | D:7      | Reached skill level 5 in Dodging
  8353 | D:7      | Killed Dowan
  8902 | D:8      | Reached XP level 10. HP: 56/56 MP: 11/11
  9048 | D:8      | Reached skill level 6 in Dodging
  9201 | D:8      | Reached **** piety under Uskayaw
  9210 | D:8      | Reached ***** piety under Uskayaw
  9249 | D:8      | Noticed Prince Ribbit
  9316 | D:8      | Killed Prince Ribbit
  9319 | D:8      | Reached skill level 7 in Dodging
  9407 | D:8      | Found a shimmering altar of Xom.
  9882 | D:9      | Reached skill level 8 in Dodging
  9882 | D:9      | Reached skill level 1 in Invocations
  9894 | D:9      | Reached skill level 2 in Invocations
  9954 | D:9      | Reached skill level 3 in Invocations
 10037 | D:9      | Reached skill level 4 in Invocations
 10139 | D:9      | Found a runed translucent door.
 10139 | D:9      | Found a shimmering altar of Xom.
 10139 | D:9      | Noticed flotson's ghost (novice DsDe)
 10211 | D:9      | Found a sparkling altar of Nemelex Xobeh.
 10231 | D:9      | Reached skill level 5 in Invocations
 10369 | D:9      | Identified the +2 plate armour of the Fiddle {rN+ Will-
                  | Regen+}
 10390 | D:9      | Noticed a +2 long sword of chaos
 10632 | D:10     | Entered Level 10 of the Dungeon
 10726 | D:10     | Found a shadowy altar of Dithmenos.
 10750 | D:10     | Reached XP level 11. HP: 60/60 MP: 14/16
 10752 | D:10     | Reached skill level 6 in Invocations
 11110 | D:10     | Reached skill level 9 in Dodging
 11602 | D:11     | HP: 4/60 [something (6)]
 11776 | D:11     | Noticed Harold
 11868 | D:11     | Noticed Snorg
 11934 | D:11     | Noticed a two-headed ogre
 11944 | D:11     | Killed a two-headed ogre
 11945 | D:11     | Reached skill level 10 in Dodging
 11953 | D:11     | Reached skill level 1 in Evocations
 11958 | D:11     | Noticed Lodul
 11960 | D:11     | Reached skill level 2 in Evocations
 11965 | D:11     | Reached ****** piety under Uskayaw
 11978 | D:11     | Killed Lodul
 12052 | D:11     | Found a staircase to the Lair.
 12388 | D:11     | Reached skill level 9 in Fighting
 12850 | Lair:1   | Entered Level 1 of the Lair of Beasts
 12895 | Lair:1   | Reached XP level 12. HP: 67/67 MP: 17/17
 13079 | Lair:1   | Reached skill level 10 in Fighting
 13081 | Lair:1   | Reached skill level 1 in Armour
 13192 | Lair:1   | Reached skill level 2 in Armour
 13251 | Lair:1   | Reached skill level 3 in Armour
 13505 | Lair:2   | Noticed a five-headed hydra
 13520 | Lair:1   | Killed a five-headed hydra
 13564 | Lair:2   | Reached skill level 4 in Armour
 13588 | Lair:2   | Found a radiant altar of Vehumet.
 13616 | Lair:2   | Reached skill level 5 in Armour
 13931 | Lair:2   | Found a staircase to the Shoals.
 13985 | Lair:2   | Reached skill level 6 in Armour
 13985 | Lair:2   | Reached skill level 5 in Stealth
 13993 | Lair:2   | Reached skill level 6 in Stealth
 14007 | Lair:2   | Reached skill level 7 in Stealth
 14282 | Lair:2   | Reached skill level 8 in Stealth
 14513 | Lair:3   | Reached skill level 9 in Stealth
 14534 | Lair:3   | Reached skill level 10 in Stealth
 14585 | Lair:3   | Reached XP level 13. HP: 61/72 MP: 15/18
 14626 | Lair:3   | Reached skill level 7 in Armour
 14750 | Lair:3   | Reached skill level 8 in Armour
 14953 | Lair:2   | Reached skill level 9 in Armour
 15056 | Lair:3   | Found a staircase to the Snake Pit.
 15085 | Lair:3   | Noticed Gastronok
 15112 | Lair:3   | Killed Gastronok
 15776 | Lair:4   | Reached skill level 10 in Armour
 16377 | Lair:5   | Entered Level 5 of the Lair of Beasts
 16415 | Lair:4   | Reached skill level 11 in Armour
 16455 | Lair:5   | Reached XP level 14. HP: 38/77 MP: 0/19
 16670 | Lair:5   | Found a runed translucent door.
 16671 | Lair:5   | Found a viscous altar of Jiyva.
 16722 | Lair:5   | Noticed Nessos
 16729 | Lair:5   | Killed Nessos
 16805 | Lair:5   | Reached skill level 12 in Armour
 17024 | Lair:5   | Reached skill level 7 in Invocations
 17118 | Lair:5   | Reached skill level 8 in Invocations
 17711 | Lair:5   | Reached skill level 9 in Invocations
 17881 | Lair:5   | Reached skill level 9 in Short Blades
 18458 | Lair:5   | Found a staircase to the Slime Pits.
 18705 | D:12     | Reached XP level 15. HP: 78/80 MP: 23/23
 18706 | D:12     | Reached skill level 10 in Invocations
 18737 | D:12     | Noticed Kirke
 18811 | D:12     | Noticed a sphinx
 18862 | D:12     | Killed Kirke
 18874 | D:12     | Found a staircase to the Orcish Mines.
 19058 | D:12     | Reached skill level 10 in Short Blades
 19611 | Orc:1    | Entered Level 1 of the Orcish Mines
 19611 | Orc:1    | Noticed an orc warlord
 19615 | Orc:1    | Killed an orc warlord
 19657 | Orc:1    | Found Ynnohau's Antique Weapon Emporium.
 19730 | Orc:2    | Entered Level 2 of the Orcish Mines
 19834 | Orc:2    | Reached skill level 13 in Armour
 19958 | Orc:1    | Noticed Sonja
 19961 | Orc:1    | Noticed Jorgrun
 19972 | Orc:1    | Killed Sonja
 19976 | Orc:1    | Killed Jorgrun
 20611 | Orc:2    | Found Ozxiat's Distillery.
 20620 | Orc:2    | Found Taxaod's Distillery.
 20732 | Orc:2    | Found a staircase to the Elven Halls.
 20938 | Orc:2    | Reached skill level 11 in Fighting
 21792 | Orc:2    | Identified a +1 robe of resistance
 21911 | Orc:2    | Reached skill level 12 in Fighting
 21915 | Orc:2    | Found Viysh's Jewellery Emporium.
 21915 | Orc:2    | Found Lojoyl's Antique Armour Shoppe.
 21940 | Orc:2    | Found a one-way gate leading to the halls of Pandemonium.
 21981 | Orc:2    | Bought an ancient ring mail for 270 gold pieces
 21981 | Orc:2    | Identified the +1 ring mail of Moddar {rC+ MP-9 Str+2} (You
                  | bought it in a shop on level 2 of the Orcish Mines)
 22111 | Orc:1    | Bought a glowing dagger for 110 gold pieces
 22378 | D:13     | Identified 2 potions of resistance
 22623 | D:13     | Found a gate to the Vaults.
 22675 | D:13     | Reached XP level 16. HP: 90/90 MP: 24/24
 22727 | D:13     | Found a runed translucent gate.
 22727 | D:13     | Found a runed translucent gate.
 22727 | D:13     | Found a runed translucent gate.
 22915 | D:13     | Noticed Buphadet's ghost (journeyman AtBe)
 23221 | D:14     | Reached skill level 13 in Fighting
 23506 | D:14     | Found a transporter.
 23539 | D:14     | Found a transporter.
 23938 | D:15     | Entered Level 15 of the Dungeon
 24551 | D:15     | Reached skill level 14 in Fighting
 24553 | D:15     | Found a staircase to the Depths.
 25200 | Snake:1  | Entered Level 1 of the Snake Pit
 25276 | Snake:1  | Reached skill level 11 in Invocations
 25511 | Snake:1  | Reached skill level 12 in Invocations
 25687 | Snake:1  | Reached skill level 3 in Evocations
 25746 | Snake:1  | Reached skill level 4 in Evocations
 26525 | Snake:1  | Found a snail-covered altar of Cheibriados.
 26680 | Snake:2  | Noticed Donald
 26742 | Snake:2  | Reached skill level 11 in Dodging
 26742 | Snake:2  | Reached XP level 17. HP: 92/97 MP: 27/27
 26976 | Snake:2  | Noticed Vashnia
 27020 | Snake:2  | HP: 9/97 [Vashnia/bolt (16)]
 27021 | Snake:2  | Shot with a bolt by Vashnia

Vanquished Creatures
  Jorgrun (Orc:1)
  Gastronok (Lair:3)
  Kirke (D:12)
  An orc warlord (Orc:1)
  Nessos (Lair:5)
  A dire elephant (D:15)
  An ettin (D:13)
  A rakshasa (D:15)
  4 hydras
  A demonspawn (Orc:2)
  3 catoblepae (Lair:5)
  8 anacondas
  5 centaur warriors
  An ogre mage (D:12)
  A death knight (D:14)
  7 two-headed ogres
  2 boulder beetles
  13 death yaks
  6 naga warriors
  3 tengu warriors (D:15)
  7 shock serpents (Snake:1)
  4 naga sharpshooters
  6 orc high priests (Orc:2)
  Sonja (Orc:1)
  An iron troll (D:13)
  A sixfirhy (Orc:2)
  Lodul (D:11)
  A necromancer (D:13)
  4 orc knights (Orc:2)
  A wolf spider (D:15)
  3 mana vipers (Snake:1)
  9 ugly things
  4 deep elf pyromancers
  2 salamanders
  3 cyclopes
  7 orc sorcerers
  6 manticores
  21 elephants
  2 guardian serpents (Snake:1)
  10 naga magi
  23 black mambas
  An orange demon (Orc:2)
  4 gargoyles
  10 cane toads
  2 kobold demonologists (D:11)
  3 unseen horrors (D:11)
  2 rime drakes (Lair:5)
  A freezing wraith (D:14)
  5 komodo dragons
  2 komodo dragons (shapeshifter)
  A red devil (Orc:2)
  A hornet (D:7)
  A polar bear (Lair:5)
  6 trolls
  14 dream sheep
  Prince Ribbit (D:8)
  21 blink frogs
  4 slime creatures (D:15)
  A jumping spider (shapeshifter) (D:15)
  A spriggan (Lair:4)
  A centaur simulacrum (D:15)
  5 wyverns
  2 vampires
  3 basilisks
  6 wraiths
  5 hogs (D:12)
  75 yaks
  2 steam dragons
  Eustachio (D:6)
  A chaos spawn (Orc:2)
  5 wargs
  18 nagas
  14 water moccasins
  Duvessa (D:7)
  2 acid dragons
  28 orc warriors
  An ice beast (D:6)
  2 sky beasts
  A black bear (D:5)
  14 ogres
  19 wolves
  10 centaurs
  2 phantoms
  5 kobold brigands
  A gnoll sergeant (D:11)
  2 necrophages
  11 bullfrogs
  2 scorpions
  Dowan (D:7)
  10 wights (D:8)
  11 killer bees
  2 howler monkeys (D:6)
  3 electric eels
  2 bullfrog zombies (D:6)
  27 orc priests
  2 jellies
  5 hounds
  3 iguanas
  Ijyb (D:3)
  20 orc wizards
  14 hell rats
  9 mummies
  Robin (D:4)
  6 gnolls
  2 river rats (D:6)
  11 adders
  2 shadow imps
  A white imp (D:8)
  2 ufetubi
  5 worms
  4 dart slugs
  72 orcs
  7 endoplasms
  7 giant cockroaches
  A gnoll zombie (Ossuary)
  17 goblins
  9 hobgoblins
  A jackal (D:4)
  18 kobolds
  4 quokkas
  5 ball pythons
  7 bats
  4 frilled lizards
  A goblin zombie (D:5)
  3 hobgoblin zombies (Ossuary)
  5 orc zombies
  7 rats
811 creatures vanquished.

Vanquished Creatures (others)
  A naga ritualist (Snake:1)
  27 fungi
  53 plants
81 creatures vanquished.

Grand Total: 892 creatures vanquished

Table legend: (Time is in decaauts)
 A = Elapsed time spent in this place.
 B = Non-inter-level travel time spent in this place.
 C = Inter-level travel time spent in this place.
 D = Time resting spent in this place.
 E = Time spent auto-exploring this place.
 F = Levels seen in this place.
 G = Mean time per level.
                   A        B        C        D        E       F      G
               +--------+--------+--------+--------+--------+-----+--------+
         Total |  23675 |  22441 |   1234 |   1714 |  15353 |  26 |  910.6 |
       Dungeon |  14835 |  14092 |    743 |    660 |  10299 |  15 |  989.0 |
        Temple |    409 |    385 |     24 |      0 |    370 |   1 |  409.0 |
          Lair |   4681 |   4393 |    288 |    325 |   2859 |   5 |  936.2 |
     Snake Pit |   1485 |   1439 |     46 |     76 |    928 |   2 |  742.5 |
  Orcish Mines |   2043 |   1911 |    132 |    653 |    766 |   2 | 1021.5 |
       Ossuary |    220 |    220 |      0 |      0 |    130 |   1 |  220.0 |
               +--------+--------+--------+--------+--------+-----+--------+

Top non-repeatable levels by time:
   Orc:2: 1475 daAuts
     D:2: 1445 daAuts
     D:7: 1371 daAuts
 Snake:1: 1288 daAuts
  Lair:5: 1206 daAuts
    D:11: 1166 daAuts
     D:6: 1083 daAuts
  Lair:4: 1045 daAuts
    D:15: 998 daAuts
     D:5: 991 daAuts
     D:3: 989 daAuts
    D:12: 956 daAuts
    D:14: 918 daAuts
  Lair:2: 908 daAuts
     D:9: 882 daAuts

Table legend:
 A = Non-vault XP
 B = Vault XP
 C = Vault XP percentage of total XP
 D = Non-vault monster count
 E = Vault monster count
 F = Vault count percentage of total count
                 A         B        C        D         E       F
            +---------+---------+-------+---------+---------+-------
      Total |  133863 |   55064 |  29.1 |     589 |     223 |  27.5
            +---------+---------+-------+---------+---------+-------
        D:1 |      19 |       0 |   0.0 |      10 |       0 |   0.0
        D:2 |      38 |      20 |  34.5 |      21 |       8 |  27.6
        D:3 |     101 |      84 |  45.4 |      18 |      10 |  35.7
        D:4 |     164 |     203 |  55.3 |      20 |      16 |  44.4
        D:5 |    1006 |      20 |   1.9 |      21 |       3 |  12.5
        D:6 |     791 |     348 |  30.6 |      13 |      15 |  53.6
        D:7 |    1310 |     221 |  14.4 |      23 |       2 |   8.0
        D:8 |    1604 |     259 |  13.9 |      25 |       1 |   3.8
        D:9 |    2719 |       0 |   0.0 |      29 |       0 |   0.0
       D:10 |    3095 |       0 |   0.0 |      20 |       0 |   0.0
       D:11 |    3992 |    1553 |  28.0 |      19 |       8 |  29.6
       D:12 |    9417 |    2716 |  22.4 |      19 |       8 |  29.6
       D:13 |    4210 |    2650 |  38.6 |       9 |       4 |  30.8
       D:14 |    6188 |       0 |   0.0 |      14 |       0 |   0.0
       D:15 |   13765 |    2128 |  13.4 |      28 |       3 |   9.7
     Temple |      14 |       0 |   0.0 |       1 |       0 |   0.0
     Lair:1 |    4623 |       0 |   0.0 |      25 |       0 |   0.0
     Lair:2 |    7767 |       0 |   0.0 |      33 |       0 |   0.0
     Lair:3 |   12001 |    3683 |  23.5 |      51 |      10 |  16.4
     Lair:4 |    9942 |    1184 |  10.6 |      29 |       3 |   9.4
     Lair:5 |   14787 |   13726 |  48.1 |      39 |      35 |  47.3
    Snake:1 |   22632 |    7396 |  24.6 |      41 |      17 |  29.3
    Snake:2 |    7052 |     787 |  10.0 |      15 |       1 |   6.2
      Orc:1 |    3714 |    2691 |  42.0 |      38 |       2 |   5.0
      Orc:2 |    2912 |   15248 |  84.0 |      28 |      61 |  68.5
    Ossuary |       0 |     147 | 100.0 |       0 |      16 | 100.0
            +---------+---------+-------+---------+---------+-------
